 Dungeon Crawl Stone Soup version 0.28-a0-1038-g9c4cb8273d (webtiles) character file.

Game seed: 12027083982260105927

80682 lunkers the Eclecticist (level 16, -4/124 HPs)
             Began as a Djinni Cinder Acolyte on Dec 7, 2021.
             Was a High Priest of Ignis.
             Slain by a bunyip (23 damage)
             ... on level 3 of the Swamp on Dec 8, 2021.
             The game lasted 01:11:01 (35578 turns).

lunkers the Eclecticist (Djinni Cinder Acolyte)    Turns: 35578, Time: 01:11:01

Health: -4/124     AC: 18    Str: 17    XL:     16   Next: 15%
Gold:   1852       EV:  9    Int: 28    God:    Ignis [*****.] SH: 16 Dex: 11

rFire   + + +      SeeInvis .   f - +6 quick blade of Gluttony {freeze, *Rage rElec rC+}
rCold   . . .      Faith    .   s - +0 kite shield
rNeg    . . .      Spirit   .   D - +4 ring mail of Past Mistakes {Will+ Str+4}
rPois   ∞          Reflect  +   j - +2 helmet
rElec   +          Harm     .   I - +0 cloak
rCorr   .          Rampage  .   H - +0 pair of gloves
Will    ++...      Rage     20% (boots unavailable)
Stlth   +.........              m - amulet of reflection
HPRegen 0.30/turn               t - +4 ring of protection
MPRegen 0.00/turn               n - +6 ring of intelligence

@: flying
A: sickness immunity, fire resistance 2, cold vulnerability 1, float, innate
caster, hp casting, extra vitality 1
a: Renounce Religion, Fiery Armour, Foxfire Swarm, Rising Flame


You were on level 3 of the Swamp.
You worshipped Ignis.
Ignis was extremely pleased with you.
You visited 4 branches of the dungeon, and saw 23 of its levels.

You collected 1852 gold pieces.

Inventory:

Hand Weapons
 a - a -1 short sword of flaming
 f - the +6 quick blade of Gluttony (weapon) {freeze, *Rage rElec rC+}
   (You acquired it on level 4 of the Dungeon)

   It freezes those it strikes, dealing additional cold damage.
   It can also slow down cold-blooded creatures.
   rC:        It protects you from cold.
   rElec:     It insulates you from electricity.
   *Rage:     It berserks you when you make melee attacks (+20% chance).
 h - a +1 dagger of draining
 k - a +5 club of electrocution
 O - the +10 mace "Dragon's Tongue" {flame, rElec}
   (You found it on level 3 of the Lair of Beasts)

   It burns those it strikes, dealing additional fire damage.
   rElec:     It insulates you from electricity.
Missiles
 A - 3 throwing nets
Armour
 j - a +2 helmet (worn)
 s - a +0 kite shield (worn)
 D - the +4 ring mail of Past Mistakes (worn) {Will+ Str+4}
   (You found it on level 7 of the Dungeon)

   Str:       It affects your strength (+4).
   Will:      It increases your willpower.
 H - a +0 pair of gloves (worn)
 I - a +0 cloak (worn)
Magical Staves
 u - a staff of earth
Jewellery
 m - an amulet of reflection (around neck)
 n - a +6 ring of intelligence (right hand)
 t - a +4 ring of protection (left hand)
 w - a ring of resist corrosion
 z - a +4 ring of slaying
 M - a +6 ring of intelligence
 Q - a ring of ice
 T - a ring of see invisible
Wands
 p - a wand of digging (15)
 y - a wand of iceblast (13)
 B - a wand of paralysis (6)
 C - a wand of acid (9)
 F - a wand of flame (45)
 L - a wand of charming (4)
 W - a wand of mindburst (12)
Scrolls
 b - 7 scrolls of identify
 d - 10 scrolls of enchant weapon
 o - 4 scrolls of enchant armour
 E - 2 scrolls of teleportation
 G - 4 scrolls of blinking
 K - 2 scrolls of fog
 R - a scroll of magic mapping
 V - a scroll of silence
Potions
 c - 3 potions of mutation
 e - 2 potions of attraction
 g - 3 potions of might
 l - 2 potions of heal wounds
 q - a potion of cancellation
 r - 5 potions of haste
 v - 2 potions of invisibility
 x - a potion of resistance
 J - 4 potions of curing
 N - a potion of ambrosia
 S - a potion of berserk rage
 U - a potion of lignification
Miscellaneous
 i - a condenser vane
 P - a lightning rod (4/4)


   Skills:
 + Level 14.9 Fighting
 - Level 2.6 Short Blades
 + Level 11.2 Shields
 * Level 16.1 Spellcasting


You had 22 spell levels left.
You knew the following spells:

 Your Spells              Type           Power      Damage    Failure   Level
b - Summon Lightning Spi  Summ/Air       85%        N/A       1%          4
c - Eringya's Noxious Bo  Tmut/Pois      42%        N/A       1%          6
i - Searing Ray           Conj           100%       2d8       0%          2
o - Apportation           Tloc           100%       N/A       0%          1
p - Scorch                Fire           100%       2d10      0%          2
r - Silence               Hex/Air        42%        N/A       1%          5
u - Tukima's Dance        Hex            85%        N/A       1%          3
y - Call Imp              Summ           85%        N/A       0%          2
Your spell library was empty.

Dungeon Overview and Level Annotations

Branches:
Dungeon (12/15)            Temple (0/1) D:4            Lair (6/6) D:11
  Swamp (3/4) Lair:4       Spider (0/4) Lair:2        Slime (0/5) Lair:5
    Orc (2/2) D:9             Elf (0/3) Orc:2

Altars:
Dithmenos
Fedhas
Makhleb
Okawaru
Uskayaw
Wu Jian
The Shining One
Beogh

Shops:
D:2 ?   D:7 (   D:8 *   D:9 (   Orc:1 *   Orc:2 (?((

Annotations:
D:12 HilariousDeathArtist's ghost, journeyman DrDe; Koromur's ghost, journeyman DrDe
Swamp:1 1 runed translucent door, DarkBird's ghost, journeyman GnTm
Orc:2 2 transporters, dxb338's ghost, journeyman HOMo


Innate Abilities, Weirdness & Mutations

You are immune to sickness and miasma.
You are immune to poison.
Your flesh is very heat resistant. (rF++)
You are vulnerable to cold. (rC-)
You float through the air rather than walking.
You learn spells naturally, not from books.
Your magical power is your life essence.
You have superior vitality. (+4 HP)


Message History

Flames lash the thorn hunter.
The thorn hunter is burned terribly!
The thorn hunter is almost destroyed.
The thorn hunter fires a volley of thorns at you.
The volley of thorns hits you!!!
Your lightning spire shoots out a bolt of lightning at the thorn hunter!
The bolt of electricity hits the thorn hunter!!
The thorn hunter is destroyed!
Casting: Scorch (safe; 0% risk of failure)
Press: ? - help, Q - select action, (/) - cycle Dir - look around, f - activate Flames lash the bunyip.
The bunyip is moderately wounded.
The bunyip's fire resistance burns away.
The bunyip is engulfed in a cloud of scalding steam.
You block the bunyip's attack. The bunyip claws you!!
* * * LOW HITPOINT WARNING * * *
The bunyip claws you.
* * * LOW HITPOINT WARNING * * *
Okay, then.
Casting: Scorch (safe; 0% risk of failure)
Press: ? - help, Q - select action, (/) - cycle Dir - look around, f - activate Flames lash the bunyip.
The bunyip is burned terribly!
The bunyip is heavily wounded.
* * * LOW HITPOINT WARNING * * *
The briar patch crumbles away.
Your lightning spire shoots out a bolt of lightning at the bunyip!
The bolt of electricity hits the bunyip!!
Casting: Scorch (safe; 0% risk of failure)
Press: ? - help, Q - select action, (/) - cycle Dir - look around, f - activate Flames lash the bunyip but do no damage.
* * * LOW HITPOINT WARNING * * *
The briar patch crumbles away.
Casting: Scorch (safe; 0% risk of failure)
Press: ? - help, Q - select action, (/) - cycle Dir - look around, f - activate Flames lash the bunyip.
The bunyip is burned terribly!
The bunyip is almost dead.
* * * LOW HITPOINT WARNING * * *
The briar patch crumbles away.
The bunyip claws you!!
* * * LOW HITPOINT WARNING * * *
The bunyip claws you!!
You die...

>....♣≈≈≈≈♣♣ ♣≈♣♣
≈≈♣♣≈≈≈≈≈>.♣♣ ≈≈≈♣♣
≈...≈≈.♣.≈.P♣♣♣ ≈PP≈
.≈....≈≈PPPPPP♣♣♣≈P♣
.§...≈≈.PP...P♣≈♣≈♣
.≈...≈≈........≈≈♣♣♣
.....≈≈≈≈≈..♣.(≈§≈≈♣
♣..≈...≈...(..♣≈≈.♣
♣♣.≈<..≈≈♣♣♣♣♣@♣.♣♣
♣....≈≈≈.≈ ♣x8.♣
≈≈.≈≈.♣≈.≈ ♣.≈♣♣
.≈≈..♣♣.. ..≈♣ ..♣♣
♣..♣ ♣♣.♣ ♣.♣


You could see a bunyip (combustible, ally target) and a friendly lightning spire
(summoned).

Vanquished Creatures
  Nessos (Lair:5)
  A bunyip (Swamp:3)
  Harold (D:7)
  3 hydras
  Fannar (Orc:1)
  A boulder beetle (D:11)
  3 two-headed ogres
  5 alligators
  A spectral dire elephant (Lair:6)
  A goliath frog (Swamp:1)
  A spriggan druid (Swamp:3)
  Pikel (D:7)
  3 bog bodies
  An orc knight (D:9)
  2 deep elf pyromancers
  An ugly thing (D:10)
  3 orc sorcerers (Orc:2)
  A will-o-the-wisp (Swamp:2)
  A manticore (D:11)
  7 elephants (Lair:4)
  Maurice (Orc:2)
  2 gargoyles
  3 black mambas (Lair:1)
  9 cane toads
  4 komodo dragons
  3 rime drakes
  A polar bear (Lair:2)
  A jumping spider (Lair:2)
  6 hornets
  3 trolls
  Prince Ribbit (D:7)
  3 tyrant leeches
  10 blink frogs
  6 dream sheep (Lair:1)
  A shadow (D:10)
  2 wraiths
  22 yaks
  6 spriggans
  2 steam dragons
  3 wyverns
  A basilisk (Lair:1)
  4 vampire mosquitoes
  A warg (Orc:1)
  3 swamp worms
  Edmund (D:5)
  6 water moccasins
  An ice beast (D:6)
  13 orc warriors
  2 ogres
  3 sky beasts
  3 black bears
  2 necrophages
  4 wolves
  3 centaurs
  2 lemures (D:7)
  12 bullfrogs
  2 gnoll sergeants
  3 scorpions (D:4)
  A wyvern zombie (D:8)
  A wyvern skeleton (D:7)
  2 killer bees (D:10)
  A wight (D:5)
  3 howler monkeys
  A bullfrog zombie (D:5)
  Crazy Yiuf (D:7)
  A jelly (D:6)
  6 orc priests
  A bullfrog skeleton (D:5)
  A centaur skeleton (D:4)
  3 hounds
  Jessica (D:2)
  Natasha (thrice) (D:3)
  4 iguanas
  20 orc wizards
  4 hell rats
  A killer bee zombie (D:7)
  2 hound skeletons (D:4)
  A howler monkey skeleton (D:5)
  5 adders
  10 gnolls
  A river rat (Lair:1)
  2 ufetubi (D:4)
  An adder skeleton (D:4)
  5 worms
  3 dart slugs
  35 orcs
  6 endoplasms
  4 giant cockroaches
  2 goblins
  4 hobgoblins
  4 jackals (D:2)
  7 quokkas
  5 ball pythons
  7 bats
  4 frilled lizards
  8 kobolds
  2 rats
367 creatures vanquished.

Vanquished Creatures (collateral kills)
  Kirke (Lair:5)
  A thorn hunter (Swamp:3)
  A bunyip (Swamp:2)
  2 hydras
  2 boulder beetles (D:11)
  A ghost crab (Swamp:1)
  A two-headed ogre (Orc:2)
  An orc high priest (Orc:2)
  Urug (D:10)
  3 spriggans (Swamp:1)
  Nergalle (Lair:1)
  A goliath frog (Swamp:2)
  2 bog bodies (Lair:4)
  A swamp dragon (Swamp:3)
  A manticore (D:12)
  2 oklob plants
  3 orc sorcerers
  6 elephants (Lair:4)
  3 black mambas
  2 torpor snails (Lair:4)
  5 cane toads
  4 komodo dragons
  A jumping spider (Lair:2)
  A polar bear (Lair:6)
  4 hornets
  2 trolls (Orc:2)
  A tyrant leech (Swamp:1)
  11 blink frogs
  6 dream sheep
  A wraith (D:9)
  3 hogs (Lair:5)
  A wyvern (Lair:4)
  24 yaks
  A basilisk (Lair:2)
  A steam dragon (Lair:4)
  3 vampire mosquitoes
  5 swamp worms
  A warg (Orc:1)
  A spectral cane toad (Lair:6)
  3 water moccasins
  A swamp drake (Swamp:2)
  10 orc warriors
  7 ogres
  11 wolves
  A kobold brigand (D:9)
  3 bullfrogs
  2 killer bees (D:10)
  A howler monkey (D:12)
  2 nameless horrors
  13 orc priests
  14 orc wizards
  6 hell rats
  3 gnolls (D:10)
  8 river rats (Lair:1)
  26 orcs
  A kobold (D:9)
  A rat (Lair:1)
225 creatures vanquished.

Vanquished Creatures (others)
  Saint Roka (Orc:2)
  An eleionoma (Swamp:3)
  A bunyip (Swamp:2)
  3 hydras
  A ghost crab (Swamp:1)
  7 alligators
  A goliath frog (Swamp:1)
  2 spriggan druids
  An orc knight (Orc:2)
  A cyclops (Orc:2)
  2 dancing weapons
  A bloated husk (Swamp:2)
  A tyrant leech (Swamp:1)
  2 spriggans
  3 swamp worms
  5 orc warriors (Orc:2)
  4 orc priests (Orc:2)
  6 orc wizards (Orc:2)
  10 orcs
  16 foxfires (Swamp:2)
  49 fungi
  51 plants
  7 withered plants
176 creatures vanquished.

Grand Total: 768 creatures vanquished

Notes
Turn   | Place    | Note
-------+----------+-------------------------------------------
     0 | D:1      | lunkers the Djinni Cinder Acolyte began the quest for the
                  | Orb.
     0 | D:1      | Reached XP level 1. HP: 20/20 MP: 0/0
   172 | D:1      | Reached XP level 2. HP: 10/25 MP: 0/0
   794 | D:1      | Reached XP level 3. HP: 21/30 MP: 0/0
   794 | D:1      | Learned a level 1 spell: Apportation
   921 | D:1      | Reached skill level 3 in Spellcasting
  1509 | D:2      | Noticed Jessica
  1520 | D:2      | Killed Jessica
  1521 | D:2      | Reached XP level 4. HP: 26/36 MP: 0/0
  2311 | D:2      | Reached XP level 5. HP: 37/41 MP: 0/0
  2311 | D:2      | Learned a level 2 spell: Searing Ray
  2312 | D:2      | Found an ornate altar of the Wu Jian Council.
  2481 | D:2      | Found Lyuxysem's Magic Scroll Emporium.
  3216 | D:3      | Noticed Natasha
  3221 | D:3      | Killed Natasha
  3435 | D:3      | Noticed Natasha
  3440 | D:3      | Killed Natasha
  3441 | D:3      | Reached skill level 4 in Spellcasting
  3943 | D:3      | Noticed Natasha
  3948 | D:3      | Killed Natasha
  3949 | D:3      | Reached XP level 6. HP: 37/47 MP: 0/0
  4918 | D:4      | Reached XP level 7. HP: 44/53 MP: 0/0
  4918 | D:4      | Learned a level 2 spell: Call Imp
  5032 | D:4      | Reached skill level 5 in Spellcasting
  5175 | D:4      | Reached skill level 5 in Fighting
  5377 | D:4      | Identified a scroll of acquirement
  5377 | D:4      | Acquired the +6 quick blade of Gluttony {freeze, *Rage
                  | rElec rC+}
  5454 | D:4      | Found a staircase to the Ecumenical Temple.
  5733 | D:5      | Entered Level 5 of the Dungeon
  5772 | D:5      | Reached XP level 8. HP: 56/60 MP: 0/0
  5778 | D:5      | Reached skill level 6 in Spellcasting
  5871 | D:5      | Noticed Edmund
  5883 | D:5      | Killed Edmund
  7032 | D:6      | Reached skill level 7 in Spellcasting
  7032 | D:6      | Reached XP level 9. HP: 50/67 MP: 0/0
  7032 | D:6      | Learned a level 3 spell: Tukima's Dance
  7485 | D:6      | Found a hide-covered altar of Uskayaw.
  7746 | D:7      | Noticed Prince Ribbit
  7752 | D:7      | Killed Prince Ribbit
  7914 | D:7      | Found Tyjoob Uvvi's Weapon Shoppe.
  7997 | D:7      | Noticed Harold
  8006 | D:7      | Killed Harold
  8007 | D:7      | Reached skill level 8 in Spellcasting
  8310 | D:7      | Identified the +4 ring mail of Past Mistakes {Will+ Str+4}
  8577 | D:7      | Noticed Pikel
  8590 | D:7      | Killed Pikel
  8591 | D:7      | Reached XP level 10. HP: 59/77 MP: 0/0
  8686 | D:7      | Found a runed translucent door.
  8687 | D:7      | Noticed Crazy Yiuf
  8743 | D:7      | Killed Crazy Yiuf
  8744 | D:7      | Reached skill level 9 in Spellcasting
  9082 | D:8      | Found Hamuim's Island Escapes.
  9913 | D:9      | Found a staircase to the Orcish Mines.
 10077 | D:9      | Noticed a deep elf pyromancer
 10080 | D:9      | Killed a deep elf pyromancer
 10174 | D:9      | Noticed a two-headed ogre
 10251 | D:9      | Killed a two-headed ogre
 10252 | D:9      | Reached skill level 10 in Spellcasting
 10653 | D:9      | Found Xommuit's Weapon Shop.
 10693 | D:9      | Reached XP level 11. HP: 81/84 MP: 0/0
 10693 | D:9      | Learned a level 4 spell: Summon Lightning Spire
 11014 | D:10     | Entered Level 10 of the Dungeon
 11014 | D:10     | Found an iron altar of Okawaru.
 11014 | D:10     | Found a blossoming altar of Fedhas.
 11014 | D:10     | Found a burning altar of Makhleb.
 11015 | D:10     | Found a glowing golden altar of the Shining One.
 11015 | D:10     | Found a shadowy altar of Dithmenos.
 11355 | D:10     | Noticed Urug
 11373 | D:10     | Reached skill level 10 in Fighting
 11757 | D:10     | Killed Urug
 12035 | D:11     | Noticed a two-headed ogre
 12045 | D:11     | Killed a two-headed ogre
 12046 | D:11     | Reached skill level 1 in Shields
 12046 | D:11     | Reached skill level 11 in Spellcasting
 12132 | D:11     | Noticed a boulder beetle
 12158 | D:11     | Killed a boulder beetle
 12364 | D:11     | Noticed a brown ugly thing
 12381 | D:10     | Killed a brown ugly thing
 12756 | D:11     | Noticed a boulder beetle
 12769 | D:11     | Killed a boulder beetle
 12814 | D:11     | Noticed an oklob plant
 12818 | D:11     | Found a staircase to the Lair.
 13077 | D:11     | Killed an oklob plant
 13125 | D:11     | Noticed a manticore
 13129 | D:11     | Killed a manticore
 13130 | D:11     | Reached XP level 12. HP: 83/93 MP: 0/0
 13440 | D:11     | Noticed a boulder beetle
 13451 | D:11     | Killed a boulder beetle
 13926 | Lair:1   | Entered Level 1 of the Lair of Beasts
 14186 | Lair:1   | Reached skill level 12 in Spellcasting
 14316 | Lair:1   | Noticed Nergalle
 14320 | Lair:1   | Killed Nergalle
 14618 | Lair:1   | Reached skill level 5 in Shields
 15689 | Lair:2   | Reached XP level 13. HP: 74/100 MP: 0/0
 15689 | Lair:2   | Learned a level 5 spell: Silence
 16568 | Lair:2   | Reached skill level 13 in Spellcasting
 16711 | Lair:2   | Found a hole to the Spider Nest.
 17479 | Lair:3   | Identified the +10 mace "Dragon's Tongue" {flame, rElec}
 17539 | Lair:3   | Noticed a six-headed hydra
 17546 | Lair:3   | Killed a six-headed hydra
 18895 | Lair:3   | Upgraded the game from 0.28-a0-1033-g1a2f33fa85 to
                  | 0.28-a0-1038-g9c4cb8273d
 18927 | Lair:4   | Noticed an eight-headed hydra
 18936 | Lair:4   | Killed an eight-headed hydra
 19518 | Lair:4   | Reached XP level 14. HP: 99/108 MP: 0/0
 20012 | Lair:4   | Reached skill level 14 in Spellcasting
 21326 | Lair:4   | Found a staircase to the Swamp.
 21445 | Lair:5   | Noticed Nessos
 21457 | Lair:5   | Killed Nessos
 21763 | Lair:5   | Found a staircase to the Slime Pits.
 22848 | Lair:5   | Noticed Kirke
 22901 | Lair:5   | Killed Kirke
 23381 | Lair:6   | Entered Level 6 of the Lair of Beasts
 24153 | Lair:6   | Noticed a dire elephant
 24154 | Lair:6   | Noticed a dire elephant
 24601 | Orc:1    | Entered Level 1 of the Orcish Mines
 24602 | Orc:1    | Found Seval's Assorted Antiques.
 24602 | Orc:1    | Noticed Fannar
 24612 | Orc:1    | Killed Fannar
 25508 | Orc:2    | Entered Level 2 of the Orcish Mines
 25519 | Orc:2    | Reached XP level 15. HP: 93/116 MP: 0/0
 25519 | Orc:2    | Learned a level 6 spell: Eringya's Noxious Bog
 26094 | Orc:2    | Reached skill level 15 in Spellcasting
 27104 | Orc:2    | Found Xoedduje's Weapon Emporium.
 27104 | Orc:2    | Found Wamposel's Magic Scroll Shoppe.
 27105 | Orc:2    | Found Atejuute's Antique Weapon Shoppe.
 27109 | Orc:2    | Found Qurchuje's Antique Weapon Emporium.
 27131 | Orc:2    | Found a staircase to the Elven Halls.
 27173 | Orc:2    | Noticed Saint Roka
 27463 | Orc:2    | Killed Saint Roka
 27903 | Orc:2    | Reached skill level 10 in Shields
 27972 | Orc:2    | HP: 3/117 [orc priest/divine providence[an orc knight]
                  | (13)]
 28524 | Orc:2    | Noticed Maurice
 28537 | Orc:2    | Killed Maurice
 28756 | Orc:2    | Noticed dxb338's ghost (journeyman HOMo)
 28761 | Orc:2    | Identified the +7 great mace "Loirhekis" {vorpal, Int+4
                  | Dex+3 SInv}
 28761 | Orc:2    | Identified the +4 great mace "Leatui" {protect, rN+ rCorr
                  | Str-4}
 28763 | Orc:2    | Found a transporter.
 28842 | Orc:2    | Found a transporter.
 30088 | D:12     | Found a runed translucent gate.
 30088 | D:12     | Found a runed translucent gate.
 30088 | D:12     | Found a runed translucent gate.
 30089 | D:12     | Noticed HilariousDeathArtist's ghost (journeyman DrDe)
 30090 | D:12     | Noticed rougesareth's ghost (journeyman GrFi)
 30090 | D:12     | Noticed Koromur's ghost (journeyman DrDe)
 30363 | D:12     | HP: 7/177 [rougesareth's ghost (11)]
 30809 | D:12     | Identified the ring of the Shining One's Fury {rPois rC-
                  | EV+4 Str+2 SInv}
 30815 | D:12     | Identified the +0 scale mail of Henotheism {*Corrode Dex+5}
 31130 | Swamp:1  | Entered Level 1 of the Swamp
 31846 | Swamp:1  | Found a runed translucent door.
 31849 | Swamp:1  | Noticed a tentacled monstrosity
 31849 | Swamp:1  | Noticed DarkBird's ghost (journeyman GnTm)
 34884 | Swamp:3  | Reached XP level 16. HP: 105/124 MP: 0/0
 35121 | Swamp:2  | Reached skill level 16 in Spellcasting
 35567 | Swamp:3  | Noticed a thorn hunter
 35574 | Swamp:3  | Killed a thorn hunter
 35578 | Swamp:3  | Slain by a bunyip

Illustrated notes

Levels and vault maps discovered:
D:1:      arrival_zaba_pyramid, layout_loops_ring
D:2:      layout_loops_ring, serial_shops, nicolae_lakefront_shop, basic_altar,
          minmay_misc_feat_rows, uniq_jessica
D:3:      layout_loops_ring, uniq_natasha
D:4:      layout_loops_ring, minmay_temple_entry_hall, dk_noncrumbling_2,
          minmay_misc_feat_chi, serial_bayou_lake_a
D:5:      layout_loops_cross, uniq_edmund
D:6:      layout_basic, mainiacjoe_overflow_surrounded_room
D:7:      layout_loops_ring, serial_shops, nicolae_shop_bloodbath_and_beyond,
          minmay_misc_feat_diagonals, uniq_prince_ribbit1,
          uniq_crazy_yiuf_cottage, uniq_pikel, uniq_harold
D:8:      layout_rooms, nicolae_island_escapes
D:9:      layout_roguey, orc_0_dummy, minmay_shop_grid_forest
D:10:     layout_cross, grunt_temple_overflow_open, uniq_urug
D:11:     layout_roguey, dpeg_oklobed_lair
D:12:     layout_loops_ring, gammafunk_ghost_cemetery, minmay_librarian
Lair:1:   layout_loops_ring, kennysheep_rathole, infiniplex_staircase_pool_2,
          serial_bayou_shore_a, grunt_megastairs_2, uniq_nergalle
Lair:2:   layout_gridlike, spider_nest_entry_funnel_web, minmay_holes
Lair:3:   layout_long_grid
Lair:4:   layout_layer_cave, skrybe_swamp_entry_bodies
Lair:5:   layout_cave_pods, minmay_slime_entry_oklob_enclosed, uniq_nessos,
          uniq_kirke
Lair:6:   due_jungle_book, layout_misc_corridors, patterned_corridor
Swamp:1:  layout_basic_swamp, ebering_ghost_inner_flame,
          evilmike_swamp_ruin_house_4
Swamp:2:  layout_basic_swamp, hangedman_swamp_diagram
Swamp:3:  layout_falls_marsh, nicolae_swamp_well_well_well, swamp_pool3,
          uniq_mara
Orc:1:    layout_caves, basic_altar, serial_shops, nicolae_square_shop,
          uniq_fannar
Orc:2:    st_orc_mages, layout_caves, gammafunk_ghost_smash, uniq_maurice,
          uniq_saint_roka

Skill      XL: |  1  2  3  4  5  6  7  8  9 10 11 12 13 14 15 16 |
---------------+-------------------------------------------------+-----
Spellcasting   | 3 4 5 7 8 10 11 12 13 14 15 16 | 16.1
Fighting       | 4 5 6 8 9 10 11 12 13 14 | 14.9
Shields        | 3 5 8 9 11 | 11.2
Short Blades   | |  2.6

Action                   |  1- 3 |  4- 6 |  7- 9 | 10-12 | 13-15 | 16-18 || total
-------------------------+-------+-------+-------+-------+-------+-------++-------
Melee: Short sword       |    30 |       |       |       |       |       ||    30
       Dagger            |     2 |     7 |       |       |       |       ||     9
       Club              |       |    17 |       |       |       |       ||    17
       Quick blade       |       |       |    10 |     3 |    48 |       ||    61
 Cast: Scorch            |    23 |   113 |   121 |   268 |   641 |    31 ||  1197
       Searing Ray       |       |     1 |     2 |     8 |     2 |       ||    13
       Tukima's Dance    |       |       |     1 |    14 |     5 |       ||    20
       Summon Lightning  |       |       |       |    36 |   154 |     8 ||   198
       Call Imp          |       |       |       |     1 |     3 |       ||     4
       Eringya's Noxious |       |       |       |       |    38 |     2 ||    40
Evoke: Wand              |       |       |       |     8 |       |       ||     8
  Use: Scroll            |       |       |    12 |    10 |     6 |     2 ||    30
 Stab: Sleeping          |     1 |       |       |       |       |       ||     1
Armor: Robe              |     7 |    28 |    19 |       |       |       ||    54
       Ring mail         |       |       |     1 |    69 |   167 |    20 ||   257
Dodge: Dodged            |    25 |    44 |    19 |    42 |    88 |    15 ||   233
Block: Buckler           |       |     2 |       |       |       |       ||     2
       Kite shield       |       |       |    13 |   113 |   300 |    38 ||   464
       Reflection        |       |       |       |     4 |    17 |     2 ||    23

Table legend: (Time is in decaauts)
 A = Elapsed time spent in this place.
 B = Non-inter-level travel time spent in this place.
 C = Inter-level travel time spent in this place.
 D = Time resting spent in this place.
 E = Time spent auto-exploring this place.
 F = Levels seen in this place.
 G = Mean time per level.
                   A        B        C        D        E       F      G
               +--------+--------+--------+--------+--------+-----+--------+
         Total |  35657 |  34552 |   1105 |   5660 |  24430 |  23 | 1550.3 |
       Dungeon |  16426 |  15745 |    681 |   2070 |  11682 |  12 | 1368.8 |
          Lair |  10959 |  10607 |    352 |   1321 |   8124 |   6 | 1826.5 |
         Swamp |   4289 |   4258 |     31 |   1065 |   2691 |   3 | 1429.7 |
  Orcish Mines |   3981 |   3942 |     39 |   1204 |   1932 |   2 | 1990.5 |
               +--------+--------+--------+--------+--------+-----+--------+

Top non-repeatable levels by time:
  Lair:4: 2846 daAuts
  Lair:5: 2518 daAuts
 Swamp:2: 2359 daAuts
   Orc:2: 2177 daAuts
    D:11: 2113 daAuts
   Orc:1: 1804 daAuts
  Lair:1: 1753 daAuts
     D:9: 1752 daAuts
  Lair:2: 1721 daAuts
  Lair:3: 1640 daAuts
     D:7: 1612 daAuts
     D:4: 1583 daAuts
 Swamp:1: 1557 daAuts
     D:1: 1507 daAuts
     D:2: 1485 daAuts
